 Dungeon Crawl Stone Soup version 0.31.0-32-g396128a36d (webtiles) character file.

Game seed: 16152174586580101033

103 TacoSundae the Slasher (level 4, -1/35 HPs)
             Began as a Demonspawn Fighter on Apr 5, 2024.
             Slain by Grinder (7 damage)
             ... on level 3 of the Dungeon.
             The game lasted 00:05:07 (2144 turns).

TacoSundae the Slasher (Demonspawn Fighter)         Turns: 2144, Time: 00:05:08

Health: -1/35      AC: 10    Str: 18    XL:     4   Next: 51%
Magic:  4/4        EV:  9    Int:  9    God:
Gold:   211        SH:  4    Dex: 12    Spells: 3/3 levels left

rFire   . . .        a - +1 long sword
rCold   . . .        c - +0 buckler
rNeg    . . .        b - +0 scale mail
rPois   .            (helmet restricted)
rElec   .            g - +0 cloak
rCorr   +            j - +0 pair of gloves
SInv    .            l - +0 pair of boots
Will    .....        (no amulet) Stlth
                     i - ring of resist corrosion
HPRegen 0.25/turn    (no ring)
MPRegen 0.18/turn

%: no passive effects
@: no status effects
A: horns 1, magic regeneration
a: no special abilities


You were on level 3 of the Dungeon.
You visited 1 branch of the dungeon, and saw 3 of its levels.

You collected 211 gold pieces.

Inventory:

Hand Weapons
 a - a +1 long sword (weapon)
 r - the +6 mace "Zeujuqoc" {speed, rPois Will+ Str+3 Int-4}
   (You found it on level 2 of the Dungeon)

   Str+3:     It affects your strength (+3).
   Int-4:     It affects your intelligence (-4).
   rPois:     It protects you from poison Will+: It increases your willpower.
Missiles
 e - 15 poisoned darts (quivered)
Armour
 b - a +0 scale mail (worn)
 c - a +0 buckler (worn)
 g - a +0 cloak (worn)
 j - a +0 pair of gloves (worn)
 l - a +0 pair of boots (worn)
Jewellery
 i - a ring of resist corrosion (left hand)
Wands
 f - a wand of flame (13)
Scrolls
 k - a scroll of teleportation
Potions
 d - a potion of might
 h - a potion of attraction
 n - 3 potions of enlightenment
 p - 2 potions of ambrosia
 v - a potion of lignification {unknown}


   Skills:
 - Level 3.0 Fighting
 * Level 4.4 Long Blades
 - Level 2.6 Armour
 - Level 2.6 Shields


You had 3 spell levels left.
You didn't know any spells.
Your spell library was empty.

Dungeon Overview and Level Annotations

Branches:
Dungeon (3/15)

Altars:
Hepliaklqana

Annotations:
D:3 Grinder


Innate Abilities, Weirdness & Mutations

You have a pair of small horns on your head.
You regenerate magic rapidly.


Message History

There is an open door here.
Grinder comes into view.
Okay, then.
Grinder blinks!
Grinder sighs, "No one appreciates my work."
Grinder hits you.
You writhe in agony.
Throw: throwing net
Press: ? - help, Shift-Dir - straight line, f - Grinder
Aim: Grinder (50% to hit)
You throw a throwing net. The throwing net hits Grinder.
Grinder is caught in the net!
Grinder struggles against the net.
Grinder blinks!
Unknown command.
You hit Grinder but do no damage. Your headbutt misses Grinder.
Grinder hits you but does no damage.
You slash Grinder!
Grinder is moderately wounded.
Grinder hits you but does no damage.
You hit Grinder.
Grinder is moderately wounded.
Grinder blinks!
Grinder hits you!
You closely miss Grinder.
Grinder is moderately wounded.
Grinder hits you but does no damage.
You hit Grinder.
Grinder is heavily wounded.
Grinder gestures at you. Pain shoots through your body! Grinder hits you.
You writhe in agony.
You closely miss Grinder.
Grinder is heavily wounded.
Grinder hits you.
* * * LOW HITPOINT WARNING * * *
You writhe in agony.
* * * LOW HITPOINT WARNING * * *
You slash Grinder! Your headbutt misses Grinder.
Grinder is severely wounded.
Grinder hits you!
You die...
Grinder says, "Hey, I wasn't done torturing you yet!"

##################
#.................
#.###############. #.#
#......##.
######.#######......##.
#.....(......+......'..
#.####.#######......##) #.#
#......##. #@# #......### #5#
#......# ##### #.# #..†...#
#...###.#######......#
+.....#.........######
#...............#
#####...#.##........#
...........+........##
#######......#.........#######


You could see Grinder.

Vanquished Creatures
  3 adders (D:2)
  A dart slug (D:1)
  3 ribbon worms (D:2)
  An orc (D:3)
  7 ball pythons
  9 endoplasms
  3 giant cockroaches
  6 goblins
  6 hobgoblins
  9 kobolds
  5 bats
  3 frilled lizards (D:1)
  6 rats
  A spectral kobold (D:1)
63 creatures vanquished.

Notes
Turn   | Place    | Note
-------+----------+-------------------------------------------
     0 | D:1      | TacoSundae the Demonspawn Fighter began the quest for the
                  | Orb.
     0 | D:1      | Reached XP level 1. HP: 18/18 MP: 1/1
    14 | D:1      | Found a faded altar of an unknown god.
    19 | D:1      | Reached skill level 2 in Long Blades
    69 | D:1      | Gained mutation: You have a pair of small horns on your
                  | head. [demonic ancestry]
    69 | D:1      | Reached XP level 2. HP: 24/24 MP: 2/2
   457 | D:1      | Reached skill level 3 in Long Blades
   818 | D:2      | Reached XP level 3. HP: 27/29 MP: 3/3
  1181 | D:2      | Identified the +6 mace "Zeujuqoc" {speed, rPois Will+ Str+3
                  | Int-4}
  1200 | D:2      | Reached skill level 4 in Long Blades
  1200 | D:2      | Gained mutation: You regenerate magic rapidly. [demonic
                  | ancestry]
  1200 | D:2      | Reached XP level 4. HP: 35/35 MP: 4/4
  1974 | D:3      | Found a hazy altar of Hepliaklqana.
  2130 | D:3      | Noticed Grinder
  2144 | D:3      | Slain by Grinder

Illustrated notes

Levels and vault maps discovered:
D:1:      psy_arrival_radial01, layout_basic,
          dreamdust_ecumenical_altar_drowned_temple
D:2:      layout_loops_ring, minmay_joined_circles
D:3:      layout_basic, gammafunk_temple_overflow_elements, feat_on_display,
          uniq_grinder

Skill      XL: |  1  2  3 |
---------------+----------+-----
Long Blades    | 2 3 4 |  4.4
Fighting       | |  3.0
Armour         | |  2.6
Shields        | |  2.6

Action                     |  1- 3 |  4- 6 || total
---------------------------+-------+-------++-------
  Melee: Long sword        |   106 |    58 ||   164
         Headbutt          |    13 |    10 ||    23
  Throw: Throwing net      |       |     1 ||     1
    Use: Scroll            |       |    11 ||    11
 Armour: Scale mail        |    71 |    31 ||   102
  Dodge: Dodged            |    51 |    20 ||    71
  Block: Buckler           |    14 |     5 ||    19
